 Dungeon Crawl Stone Soup version 0.31-a0-523-g071a6c1ffa (webtiles) character file.

Game seed: 16258470499264365456

83359 javelincjr the Fighter (level 15, -7/126 HPs)
             Began as a Demonspawn Monk on Aug 11, 2023.
             Was a High Priest of Makhleb.
             Mangled by Arachne
             ... wielding a staff of poison
              (13 damage)
             ... on level 1 of the Spider Nest.
             The game lasted 02:16:27 (21950 turns).

javelincjr the Fighter (Demonspawn Monk)           Turns: 21950, Time: 02:16:27

Health: -7/126     AC: 31    Str: 16    XL:     15   Next: 32%
Magic:  0/19       EV: 17    Int: 14    God:    Makhleb [*****.]
Gold:   607        SH: 20    Dex: 24    Spells: 14/14 levels left

rFire   . . .        P - +4 trident (chaos)
rCold   + . .        Q - +3 tower shield
rNeg    . . .        V - +8 acid dragon scales "Japs" {+Blink rCorr Str-2 Int+3}
rPois   .            (helmet restricted)
rElec   .            e - scarf {+Inv}
rCorr   +            t - +1 pair of gloves {Dex+3}
SInv    .            w - +3 pair of seven-league boots {Rampage+∞}
Will    +....        H - amulet of guardian spirit
Stlth   ++           I - +4 ring of protection
HPRegen 0.41/turn    z - +6 ring of dexterity
MPRegen 0.32/turn

%: guardian spirit, rampage+∞
@: lethally poisoned (-7 -> -33), studying Armour
A: antennae 2, icy blue scales 3, spiny 2, magic regeneration, dopey 1, low MP 1
a: Renounce Religion, Evoke Blink, Evoke Invisibility, Minor Destruction, Lesser
Servant of Makhleb, Major Destruction, Greater Servant of Makhleb


You were on level 1 of the Spider Nest.
You worshipped Makhleb.
Makhleb was extremely pleased with you.
You visited 5 branches of the dungeon, and saw 22 of its levels.
You visited the Abyss 1 time.
You also visited: Sewer, Gauntlet and Ice Cave.

You collected 2548 gold pieces.
You spent 1941 gold pieces at shops.

Inventory:

Hand Weapons
 f - a +0 trident of distortion
 P - a +4 trident of chaos (weapon)
Missiles
 x - 80 poisoned darts (quivered)
 N - 6 curare-tipped darts
Armour
 b - a +1 kite shield of cold resistance
 e - a scarf of invisibility (worn)
 h - the +2 pair of gloves of Zenka {Rampage rCorr}
   (You bought it in a shop on level 1 of the Orcish Mines)

   rCorr:     It protects you from acid and corrosion.
   Rampage:   It bestows one free step when moving towards enemies.
 k - a +3 troll leather armour {Pargi}
 t - a +1 pair of gloves of dexterity (worn)
 w - the +3 pair of seven-league boots (worn) {Rampage+∞}
   (You found it in a Gauntlet)

   Rampage+∞: When moving toward enemies, its wearer moves as far as possible,
   alerting their target en route.
 B - a +0 cloak of willpower
 F - a +1 crystal plate armour
 Q - a +3 tower shield (worn)
 T - a +2 scale mail of fire resistance
 V - the +8 acid dragon scales "Japs" (worn) {+Blink rCorr Str-2 Int+3}
   (You bought it in a shop on level 1 of the Orcish Mines)

   Str-2:     It affects your strength (-2).
   Int+3:     It affects your intelligence (+3).
   +Blink:    It lets you blink.
   rCorr:     It protects you from acid and corrosion.
Jewellery
 m - a ring of positive energy
 q - an amulet of the acrobat
 z - a +6 ring of dexterity (right hand)
 H - an amulet of guardian spirit (around neck)
 I - a +4 ring of protection (left hand)
 J - an amulet of reflection
 M - a +4 ring of protection
 O - a ring of wizardry
 R - a ring of ice
 W - a +6 ring of dexterity
 Z - a +6 ring of intelligence
Wands
 d - a wand of digging (7)
 j - a wand of paralysis (28)
 n - a wand of iceblast (16)
 u - a wand of flame (42)
 L - a wand of quicksilver (16)
Scrolls
 i - 3 scrolls of amnesia
 l - 4 scrolls of teleportation
 o - a scroll of summoning
 p - 3 scrolls of revelation
 v - a scroll of immolation
 y - 5 scrolls of fear
 C - 2 scrolls of fog
 K - a scroll of poison
 Y - 2 scrolls of silence
Potions
 a - 2 potions of berserk rage
 c - a potion of ambrosia
 g - 5 potions of lignification
 r - a potion of cancellation
 s - 8 potions of curing
 A - 2 potions of might
 D - 2 potions of heal wounds
 E - 2 potions of enlightenment
 S - 3 potions of magic
 U - a potion of brilliance
 X - 2 potions of mutation


   Skills:
 * Level 14.2 Fighting
 + Level 10.9 Polearms
 + Level 8.3 Armour
 + Level 10.6 Dodging
 + Level 7.4 Shields
 - Level 9.0 Invocations
 * Level 12.6 Evocations


You had 14 spell levels left.
You didn't know any spells.
Your spell library contained the following spells:

 Spells                   Type           Power      Damage    Failure   Level
 Sandblast                Erth           0%         2d4       96%         1
 Wereblood                Tmut           0%         N/A       99%         2
 Call Canine Familiar     Summ           0%         N/A       100%        3
 Portal Projectile        Hex/Tloc       0%         N/A       100%        3
 Summon Guardian Golem    Hex/Summ       0%         N/A       100%        3
 Tukima's Dance           Hex            0%         N/A       100%        3
 Leda's Liquefaction      Hex/Erth       0%         N/A       100%        4
 Passage of Golubria      Tloc           0%         N/A       100%        4
 Irradiate                Conj/Tmut      0%         3d11      100%        5
 Summon Forest            Summ/Tloc      0%         N/A       100%        5
 Summon Mana Viper        Hex/Summ       0%         N/A       100%        5
 Yara's Violent Unravell  Hex/Tmut       0%         3d3       100%        5
 Leda's Unmaking          Conj/Erth      0%         9d1       100%        6
 Summon Cactus Giant      Summ           0%         N/A       100%        6
 Orb of Destruction       Conj           0%         9d5       100%        7
 Spellforged Servitor     Conj/Summ      0%         N/A       100%        7


Dungeon Overview and Level Annotations

Branches:
Dungeon (12/15)            Temple (1/1) D:4            Lair (5/5) D:10
 Shoals (0/4) Lair:2       Spider (2/4) Lair:3        Slime (0/5) Lair:4
    Orc (2/2) D:11            Elf (0/3) Orc:2         Sewer (visited)
  IceCv (visited)         Gauntlet (visited)

Altars:
Ashenzari
Cheibriados
Dithmenos
Fedhas
Gozag
Hepliaklqana
Kikubaaqudgha
Makhleb
Nemelex Xobeh
Okawaru
Qazlal
Ru
Sif Muna
Trog
Uskayaw
Vehumet
Wu Jian
Xom
Yredelemnul
Jiyva

Shops:
D:1 ?   D:2 (   D:3 *   D:6 :   D:8 *   Orc:1 [   Orc:2 (![[

Portals:
Hell: Lair:5
Abyss: Lair:2

Annotations:
Spider:1 Arachne


Innate Abilities, Weirdness & Mutations

You have a pair of antennae on your head.
You are completely covered in icy blue scales. (AC +4, rC+)
You are mostly covered in sharp spines.
You regenerate magic rapidly.
You are dopey. (Int -2)
Your magical capacity is low. (-10% MP)


Message History

You block Arachne's attack.
You block the jumping spider's attack. x2
You hit Arachne.
Arachne seems to speed up.
Arachne is moderately wounded.
Arachne is no longer covered in acid.
You block Arachne's attack. You block the jumping spider's attack.
The jumping spider bites you but does no damage.
You block Arachne's attack. The jumping spider misses you.
The jumping spider bites you but does no damage.
Arachne points her staff at you, shooting a stream of webbing.
The stream of webbing misses you.
You closely miss Arachne.
Arachne is moderately wounded.
Arachne hits you but does no damage. Arachne envenoms you!!
You are poisoned.
The jumping spider pounces on you.
You are caught in a web!
The jumping spider bites you but does no damage.
Arachne is struck by your spines. Arachne hits you but does no damage.
Arachne envenoms you!!
You are more poisoned.
You feel sick.
Arachne stares at you and mumbles some strange words.
The bolt of poison hits you!!
You are more poisoned.
You block the jumping spider's attack. x2
Arachne casts a spell at you. The bolt of poison hits you!!
You are more poisoned.
* * * LOW HITPOINT WARNING * * *
The jumping spider pounces on you but does no damage.
The jumping spider closely misses you.
You barely miss Arachne.
Arachne is moderately wounded.
* * * LOW HITPOINT WARNING * * *
You feel extremely sick. You block Arachne's attack.
The jumping spider leaps!
Arachne is struck by your spines.
Arachne hits you with a staff of poison.
* * * LOW HITPOINT WARNING * * *
Arachne envenoms you!
You die...

..#.#....#.....### #....##
..#..#..#.....## #.#..##
........#......## ##...#.
.........#......## #.^...
..^..............## #.##..
....^......#......# #####.
........##.......## #.
......####....#...## #. ####..##
##....#@).####### ## #
#...###..s..H.○.......########
#....###..#.##.....#.......##.
####......#..####....#...........
#............#####...####..###..#
.....#.........##....#.#...####.#
..........................###....
.H....#.................#####....
##§#......#.......#...######.....


You could see Arachne (fast, poisoned) and a jumping spider.

Vanquished Creatures
  Jorgrun (Orc:2)
  Aizul (Spider:1)
  A ghost moth (Lair:5)
  Nessos (Lair:4)
  A spark wasp (Spider:1)
  The ghost of sunglassesatnite the Protected, a journeyman MiBe of Trog (Lair:2)
  An entropy weaver (Spider:1)
  Harold (D:10)
  A hydra (Lair:5)
  A jorogumo (shapeshifter) (Spider:1)
  A hell beast (Lair:5)
  A boulder beetle (D:12)
  6 death yaks (Lair:4)
  5 two-headed ogres
  Urug (Lair:4)
  5 skysharks
  2 sixfirhies (Gauntlet)
  A fire crab (shapeshifter) (Lair:3)
  A pharaoh ant (Spider:1)
  An orb spider (Spider:1)
  A wizard (Lair:5)
  An ugly thing (IceCv)
  2 orc knights (Orc:2)
  4 cyclopes
  2 orc sorcerers (Orc:1)
  Joseph (D:10)
  19 elephants
  5 black mambas
  A gargoyle (D:12)
  A torpor snail (Lair:2)
  Maggie (Lair:1)
  A smoke demon (Lair:2)
  3 kobold demonologists
  14 cane toads
  4 rime drakes
  An ice devil (D:11)
  11 komodo dragons
  A red devil (Lair:5)
  2 polar bears (Lair:5)
  2 trolls (D:12)
  A merfolk (Lair:2)
  2 tarantellas (Spider:1)
  19 blink frogs
  2 hornets
  3 slime creatures (D:12)
  A shadow (D:12)
  2 wyverns
  2 wraiths
  A jumping spider (Spider:1)
  54 yaks
  2 culicivoras (Spider:1)
  A spriggan (Lair:2)
  4 hogs (Lair:3)
  5 basilisks
  A steam dragon (D:7)
  2 neqoxecs (Gauntlet)
  10 redbacks (Spider:1)
  4 wargs
  A small abomination (Gauntlet)
  An acid dragon (D:12)
  A hell hound (Lair:5)
  A hydra simulacrum (IceCv)
  14 water moccasins
  Pargi (Sewer)
  2 ice beasts
  36 orc warriors
  2 black bears
  13 wolves
  19 centaurs
  8 ogres
  A phantom (D:7)
  6 kobold brigands
  11 bullfrogs
  2 scorpions
  4 wights
  An elephant simulacrum (IceCv)
  11 killer bees
  2 electric eels (Lair:5)
  4 howler monkeys
  3 hounds
  An iron imp (Lair:5)
  15 orc priests
  7 jellies
  A gnoll bouda (Orc:1)
  4 hell rats (Lair:5)
  Terence (D:2)
  6 sleepcaps
  Natasha (thrice) (D:3)
  4 iguanas
  17 orc wizards
  A wolf simulacrum (IceCv)
  9 gnolls
  10 adders
  4 river rats (D:4)
  2 white imps
  An ufetubus (D:4)
  8 worms
  2 dart slugs
  67 orcs
  8 bats
  6 endoplasms
  3 giant cockroaches
  4 goblins
  7 hobgoblins
  6 jackals (D:3)
  35 kobolds
  5 quokkas
  5 ball pythons
  7 frilled lizards
  5 rats
625 creatures vanquished.

Vanquished Creatures (collateral kills)
  Kirke (Lair:3)
  A minotaur (Gauntlet)
  A hydra (Lair:3)
  A wretched star (Gauntlet)
  A sixfirhy (Gauntlet)
  A guardian serpent (D:11)
  3 orange demons (Lair:5)
  A komodo dragon (Lair:3)
  A cane toad (Lair:3)
  2 ice devils
  A red devil (Lair:5)
  A hellwing (Lair:5)
  A shadow (D:11)
  A culicivora (Spider:1)
  2 hogs (Lair:3)
  2 yaks (Lair:2)
  3 hell hounds (Lair:5)
  2 orc warriors (D:11)
  A centaur (Orc:2)
  A hell rat (Lair:5)
  An orc (Orc:2)
29 creatures vanquished.

Vanquished Creatures (others)
  Asterion (Spider:1)
  A yak zombie (Lair:5)
  An orc (Orc:2)
3 creatures vanquished.

Grand Total: 657 creatures vanquished

Notes
Turn   | Place    | Note
-------+----------+-------------------------------------------
     0 | D:1      | javelincjr the Demonspawn Monk began the quest for the Orb.
     0 | D:1      | Reached XP level 1. HP: 18/18 MP: 1/1
   272 | D:1      | Found Cepuoruc's Magic Scroll Emporium.
   551 | D:1      | Gained mutation: You regenerate magic rapidly. [demonic
                  | ancestry]
   551 | D:1      | Reached XP level 2. HP: 21/24 MP: 2/2
  1201 | D:2      | Gained mutation: You are partially covered in sharp spines.
                  | [demonic ancestry]
  1201 | D:2      | Reached XP level 3. HP: 29/29 MP: 3/3
  1203 | D:2      | Reached skill level 1 in Evocations
  1425 | D:2      | Noticed Terence
  1441 | D:2      | Killed Terence
  1442 | D:2      | Found Jengig's Antique Weapon Shop.
  1712 | D:2      | Identified the staff "Lomah" {*Slow rCorr Int+3 Conj}
  1972 | D:3      | Reached XP level 4. HP: 31/35 MP: 4/4
  2000 | D:2      | Gained mutation: You are dopey. (Int -2) [potion of
                  | mutation]
  2232 | D:3      | Found Vuips's Assorted Antiques.
  2240 | D:3      | Bought a blue potion for 18 gold pieces
  2240 | D:3      | Bought a scroll labelled SOAGAE MIDDOWI for 21 gold pieces
  2240 | D:3      | Bought a scroll labelled UCEYKI XICS for 21 gold pieces
  2250 | D:3      | Reached XP level 5. HP: 34/42 MP: 5/5
  2337 | D:3      | Noticed Natasha
  2343 | D:3      | Killed Natasha
  2457 | D:3      | Reached skill level 4 in Fighting
  2689 | D:3      | Noticed Natasha
  2697 | D:3      | Killed Natasha
  2749 | D:3      | Noticed Natasha
  2760 | D:3      | Killed Natasha
  2761 | D:3      | Gained mutation: You are mostly covered in sharp spines.
                  | [demonic ancestry]
  2761 | D:3      | Reached XP level 6. HP: 32/48 MP: 6/6
  3103 | D:4      | Found a staircase to the Ecumenical Temple.
  3126 | Temple   | Entered the Ecumenical Temple
  3131 | Temple   | Became a worshipper of Makhleb the Destroyer
  3131 | Temple   | Reached * piety under Makhleb
  3131 | Temple   | Reached ** piety under Makhleb
  3335 | D:4      | Reached skill level 1 in Invocations
  3414 | D:4      | Found a glowing drain.
  3435 | Sewer    | Entered a sewer
  3546 | Sewer    | Noticed Pargi
  3553 | Sewer    | Killed Pargi
  3554 | Sewer    | Gained mutation: You are partially covered in icy blue
                  | scales. (AC +2) [demonic ancestry]
  3554 | Sewer    | Reached XP level 7. HP: 54/55 MP: 8/8
  4281 | D:5      | Entered Level 5 of the Dungeon
  4323 | D:5      | Reached skill level 5 in Fighting
  4390 | D:5      | Lost mutation: You are dopey. (Int -2) [potion of mutation]
  4390 | D:5      | Gained mutation: Your magical capacity is low. (-10% MP)
                  | [potion of mutation]
  4390 | D:5      | Gained mutation: Your mind is acute. (Int +4, Str/Dex -1)
                  | [potion of mutation]
  4391 | D:5      | Lost mutation: Your magical capacity is low. (-10% MP)
                  | [potion of mutation]
  4391 | D:5      | Lost mutation: Your mind is acute. (Int +4, Str/Dex -1)
                  | [potion of mutation]
  4391 | D:5      | Gained mutation: Your magical capacity is low. (-10% MP)
                  | [potion of mutation]
  4391 | D:5      | Gained mutation: You occasionally lose the ability to read
                  | scrolls when taking damage. [potion of mutation]
  4391 | D:5      | Gained mutation: You possess an exceptional clarity of
                  | mind. [potion of mutation]
  4441 | D:5      | Gained mutation: You have a pair of small antennae on your
                  | head. [demonic ancestry]
  4441 | D:5      | Reached XP level 8. HP: 43/62 MP: 9/9
  4538 | D:5      | Reached skill level 5 in Polearms
  4578 | D:5      | Reached skill level 5 in Dodging
  4695 | D:5      | Reached *** piety under Makhleb
  4883 | D:6      | Found Cooboj's Self-Improvement Boutique.
  4910 | D:6      | Reached skill level 5 in Invocations
  5004 | D:6      | Reached skill level 6 in Fighting
  5036 | D:6      | Reached skill level 5 in Evocations
  5248 | D:6      | Found a sacrificial altar of Ru.
  5270 | D:6      | Found a radiant altar of Vehumet.
  5329 | D:6      | Gained mutation: You have a pair of antennae on your head.
                  | [demonic ancestry]
  5329 | D:6      | Reached XP level 9. HP: 69/69 MP: 11/11
  5488 | D:6      | Found a blossoming altar of Fedhas.
  5488 | D:6      | Found a shadowy altar of Dithmenos.
  5510 | D:6      | Found a faded altar of an unknown god.
  5512 | D:6      | Found an ancient bone altar of Kikubaaqudgha.
  5514 | D:6      | Found a faded altar of an unknown god.
  5811 | D:7      | Reached **** piety under Makhleb
  5876 | D:7      | Found a shimmering blue altar of Sif Muna.
  6170 | D:8      | Reached skill level 7 in Fighting
  6201 | D:8      | Noticed a deep elf pyromancer
  6202 | D:8      | Noticed a centaur warrior
  6202 | D:8      | Noticed a boulder beetle
  6202 | D:8      | Noticed a kobold demonologist
  6202 | D:8      | Noticed a purple ugly thing
  6212 | D:8      | Noticed a komodo dragon
  6213 | D:8      | Noticed a centaur warrior
  6465 | D:8      | Found Uhigix's General Store.
  6561 | D:8      | Found a bloodstained altar of Trog.
  6791 | D:9      | You fall into a shaft and drop 3 floors!
  6884 | D:11     | Noticed a two-headed ogre
  6892 | D:11     | Killed a two-headed ogre
  6893 | D:11     | Gained mutation: You are mostly covered in icy blue scales.
                  | (AC +3) [demonic ancestry]
  6893 | D:11     | Reached XP level 10. HP: 79/79 MP: 14/14
  6940 | D:11     | Found a staircase to the Orcish Mines.
  6957 | D:11     | Noticed a two-headed ogre
  6964 | D:11     | Killed a two-headed ogre
  6992 | D:11     | Noticed a sixfirhy
  7061 | D:11     | Noticed a two-headed ogre
  7075 | D:11     | Killed a two-headed ogre
  7108 | D:11     | Noticed a two-headed ogre
  7121 | D:11     | Killed a two-headed ogre
  7122 | D:11     | Reached skill level 8 in Fighting
  7242 | D:11     | Found a frozen archway.
  7280 | IceCv    | Entered an ice cave
  7280 | IceCv    | Noticed a white ugly thing
  7289 | IceCv    | Killed a white ugly thing
  7295 | IceCv    | Found a transporter.
  7304 | IceCv    | Noticed an ice statue
  7304 | IceCv    | Noticed an ice statue
  7306 | IceCv    | Found a transporter.
  7468 | D:10     | Entered Level 10 of the Dungeon
  7516 | D:10     | Noticed Joseph
  7529 | D:10     | Paralysed by Joseph for 3 turns
  7539 | D:10     | Killed Joseph
  7540 | D:10     | Reached skill level 1 in Armour
  7540 | D:10     | Reached XP level 11. HP: 87/87 MP: 15/15
  7556 | D:10     | Got Ampiut's Guidebook on Arenous Metamorphosis
  8212 | D:10     | Noticed Harold
  8224 | D:9      | Reached ***** piety under Makhleb
  8225 | D:9      | Reached skill level 1 in Shields
  8234 | D:9      | Lost mutation: You possess an exceptional clarity of mind.
                  | [potion of mutation]
  8234 | D:9      | Lost mutation: Your magical capacity is low. (-10% MP)
                  | [potion of mutation]
  8234 | D:9      | Lost mutation: You occasionally lose the ability to read
                  | scrolls when taking damage. [potion of mutation]
  8234 | D:9      | Gained mutation: You possess an exceptional clarity of
                  | mind. [potion of mutation]
  8234 | D:9      | Lost mutation: You possess an exceptional clarity of mind.
                  | [potion of mutation]
  8234 | D:9      | Gained mutation: You are agile. (Dex +4, Str/Int -1)
                  | [potion of mutation]
  8289 | D:10     | Killed Harold
  8324 | D:10     | Lost mutation: You are agile. (Dex +4, Str/Int -1) [potion
                  | of mutation]
  8324 | D:10     | Gained mutation: You are dopey. (Int -2) [potion of
                  | mutation]
  8421 | D:10     | Found a staircase to the Lair.
  8430 | D:10     | Reached skill level 9 in Fighting
  8653 | D:10     | Noticed a two-headed ogre
  8664 | D:10     | Killed a two-headed ogre
  9507 | D:12     | Noticed a soul eater
  9514 | D:12     | Noticed a sun demon
  9516 | D:12     | Noticed a soul eater
  9955 | D:12     | Noticed a boulder beetle
  9975 | D:12     | Killed a boulder beetle
  9976 | D:12     | Reached skill level 10 in Fighting
 10107 | D:12     | Gained mutation: You are completely covered in icy blue
                  | scales. (AC +4, rC+) [demonic ancestry]
 10107 | D:12     | Reached XP level 12. HP: 94/97 MP: 14/18
 10453 | Lair:1   | Entered Level 1 of the Lair of Beasts
 10731 | Lair:1   | Noticed Maggie
 10746 | Lair:1   | Killed Maggie
 10775 | Lair:1   | Found a gate leading to a gauntlet.
 10787 | Gauntlet | Entered a Gauntlet
 10787 | Gauntlet | Found a transporter.
 10796 | Gauntlet | Found a transporter.
 10798 | Gauntlet | Found a transporter.
 10800 | Gauntlet | Found a transporter.
 10802 | Gauntlet | Found a transporter.
 10803 | Gauntlet | Found a transporter.
 10807 | Gauntlet | Found a runed translucent door.
 10811 | Gauntlet | Found a transporter.
 10813 | Gauntlet | Found a runed translucent door.
 10834 | Gauntlet | Found a transporter.
 10835 | Gauntlet | Found a transporter.
 10839 | Gauntlet | Found a transporter.
 10847 | Gauntlet | Found a transporter.
 10941 | Gauntlet | Found a transporter.
 11176 | Gauntlet | Gained mutation: Your magical capacity is low. (-10% MP) [a
                  | neqoxec]
 11237 | Gauntlet | Noticed a minotaur
 11238 | Gauntlet | Found the +3 pair of seven-league boots {Rampage+∞}
 11351 | Gauntlet | Killed a minotaur
 11538 | Lair:1   | Reached skill level 11 in Fighting
 12125 | Lair:2   | Found a transporter.
 12216 | Lair:2   | Reached skill level 5 in Armour
 12319 | Lair:2   | Found a one-way gate to the infinite horrors of the Abyss.
 12319 | Lair:2   | Noticed sunglassesatnite's ghost (journeyman MiBe)
 12326 | Lair:2   | Noticed a hell hog
 12331 | Lair:2   | Noticed a cacodemon
 12368 | Lair:2   | Found a transporter.
 12411 | Lair:2   | Reached XP level 13. HP: 53/106 MP: 6/17
 12561 | Lair:2   | Found a staircase to the Shoals.
 12816 | Lair:2   | Reached skill level 5 in Shields
 13442 | Lair:2   | Killed sunglassesatnite's ghost
 13615 | Lair:3   | Reached skill level 12 in Fighting
 13637 | Lair:3   | Reached skill level 10 in Evocations
 13715 | Lair:3   | Noticed Kirke
 13973 | Lair:3   | Identified the +1 cloak of Filth {*Corrode rPois Will++
                  | Str-2}
 14120 | Lair:3   | Found a hole to the Spider Nest.
 14208 | Lair:3   | Killed Kirke
 14209 | Lair:3   | Reached skill level 10 in Polearms
 14670 | Lair:4   | Noticed Urug
 14704 | Lair:4   | Killed Urug
 14743 | Lair:4   | Found a staircase to the Slime Pits.
 14746 | Lair:4   | Found a viscous altar of Jiyva.
 14795 | Lair:4   | Reached XP level 14. HP: 106/116 MP: 16/18
 14967 | Lair:4   | Noticed Nessos
 15013 | Lair:4   | Killed Nessos
 15729 | Lair:5   | Entered Level 5 of the Lair of Beasts
 15741 | Lair:5   | Reached skill level 10 in Dodging
 15875 | Lair:4   | Reached skill level 13 in Fighting
 15906 | Lair:4   | Reached ****** piety under Makhleb
 16455 | Lair:5   | Killed a ghost moth
 17299 | Abyss:2  | Cast into level 2 of the Abyss (a wizard)
 17326 | Lair:5   | Escaped the Abyss
 17354 | Lair:5   | Found a burning altar of Makhleb.
 17615 | Lair:5   | Found a gateway to Hell.
 18033 | Orc:1    | Entered Level 1 of the Orcish Mines
 18285 | Orc:2    | Entered Level 2 of the Orcish Mines
 19221 | Orc:2    | Reached XP level 15. HP: 86/124 MP: 13/19
 19529 | Orc:2    | Found Xitid's Antique Armour Emporium.
 19529 | Orc:2    | Found Racoamem's Distillery.
 19531 | Orc:2    | Found Jylan's Weapon Shop.
 19533 | Orc:2    | Found Hahem's Antique Armour Shoppe.
 19538 | Orc:2    | Bought 2 potions of heal wounds for 160 gold pieces
 19538 | Orc:2    | Bought a potion of haste for 160 gold pieces
 19538 | Orc:2    | Bought a potion of berserk rage for 80 gold pieces
 19538 | Orc:2    | Bought a potion of might for 64 gold pieces
 19575 | Orc:2    | Noticed Jorgrun
 19608 | Orc:2    | Killed Jorgrun
 19616 | Orc:2    | Found a staircase to the Elven Halls.
 19648 | Orc:2    | Found a bloodstained altar of Trog.
 19767 | Orc:2    | Reached skill level 14 in Fighting
 19778 | Orc:1    | Paralysed by an orc sorcerer for 5 turns
 20007 | Orc:1    | Found Ixtefyic's Antique Armour Shoppe.
 20020 | Orc:1    | Bought a pair of encrusted gloves for 247 gold pieces
 20020 | Orc:1    | Identified the +2 pair of gloves of Zenka {Rampage rCorr}
                  | (You bought it in a shop on level 1 of the Orcish Mines)
 20022 | Orc:1    | Bought ichor-stained acid dragon scales for 1170 gold
                  | pieces
 20022 | Orc:1    | Identified the +8 acid dragon scales "Japs" {+Blink rCorr
                  | Str-2 Int+3} (You bought it in a shop on level 1 of the
                  | Orcish Mines)
 20328 | Spider:1 | Entered Level 1 of the Spider Nest
 21011 | Spider:1 | Noticed Aizul
 21037 | Spider:1 | Killed Aizul
 21283 | Spider:1 | Noticed Asterion
 21382 | Spider:1 | Killed Asterion
 21938 | Spider:2 | Noticed Arachne
 21950 | Spider:1 | HP: 6/126 [Arachne/staff of poison (1)]
 21950 | Spider:1 | Mangled by Arachne

Illustrated notes

Levels and vault maps discovered:
D:1:      tarquinn_simple_flora_water_d, layout_loops_corners, serial_shops,
          nicolae_shop_tiny_real_fake_doors, chequers_serial_rivers_room_b
D:2:      layout_basic, serial_shops, nicolae_shop_back_alley_shop, uniq_terence
D:3:      layout_rooms, dreamdust_divine_triumvirate, serial_shops,
          nicolae_square_shop, uniq_natasha
D:4:      layout_basic, minmay_temple_entry_mini_moons,
          lightli_sewer_entry_pipes, chequers_serial_rivers_small_3
D:5:      layout_rooms
D:6:      layout_loops_cross, marbit_many_paths, nicolae_vehumet_altar_sigil,
          chequers_temple_overflow_minitemple, moated_statue,
          nicolae_shop_self_help
D:7:      layout_rooms, mainiacjoe_overflow_brackets
D:8:      layout_rooms, trog_three_pillars_becter, serial_shops,
          nicolae_shop_competitors_out_of_business, minivault_12
D:9:      layout_gridville, roderic_nine_men_s_morris, item_on_display_a
D:10:     layout_loops_ring, grunt_lair_entry_orc_guard_hut,
          grunt_decor_mini_mirrors, uniq_joseph, uniq_harold
D:11:     layout_gridville, orc_0_dummy, portal_ice_cave_demonic_guard,
          nrook_guardian_serpent_double
D:12:     layout_basic
Temple:   nicolae_temple_ecumenical_triangle
Lair:1:   layout_regular_city, gauntlet_entry_generic, uniq_maggie
Lair:2:   layout_layer_cave, elwin_shoals_entry_rooms,
          gammafunk_ghost_abyssal_escape, beast_lair_carwin_9
Lair:3:   layout_chaotic_city, dummy_spider_entry, uniq_kirke
Lair:4:   layout_regular_city, nicolae_slime_entry_slimehenge, minivault_25,
          uniq_nessos, uniq_urug
Lair:5:   evil_forest, layout_cave_pods, serial_bayou_shore_a,
          lemuel_fruit_tree, lemuel_fruit_fields, grunt_megastairs_5
Spider:1: layout_spider_delve, nicolae_spider_twisty_arc_passages,
          uniq_asterion, uniq_aizul
Spider:2: layout_spider_delve, uniq_mlioglotl, uniq_arachne
Orc:1:    layout_caves, serial_shops, nicolae_shop_scrapyard, uniq_maurice
Orc:2:    st_orc_rangers, layout_diamond_mine, basic_altar, uniq_jorgrun

Skill      XL: |  1  2  3  4  5  6  7  8  9 10 11 12 13 14 15 |
---------------+----------------------------------------------+-----
Polearms       | 3 4 5 6 7 8 9 10 | 10.9
Dodging        | 3 4 5 6 7 8 9 10 | 10.6
Evocations     | 1 2 3 4 5 6 7 8 9 10 12 | 12.6
Fighting       | 4 5 6 7 8 10 11 12 13 14 | 14.2
Invocations    | 1 3 5 7 9 |  9.0
Armour         | 1 3 5 6 7 8 |  8.3
Shields        | 3 4 6 7 |  7.4

Action                     |  1- 3 |  4- 6 |  7- 9 | 10-12 | 13-15 || total
---------------------------+-------+-------+-------+-------+-------++-------
  Melee: Spear             |   113 |   201 |   408 |       |       ||   722
         Trident           |       |       |    27 |   636 |  1524 ||  2187
         Unarmed           |       |       |       |       |     7 ||     7
  Throw: Dart              |       |       |     2 |    11 |    16 ||    29
 Invoke: Minor Destruction |       |       |    20 |    29 |    38 ||    87
         Lesser Servant of |       |       |       |    12 |    24 ||    36
         Major Destruction |       |       |       |     1 |       ||     1
Ability: Evoke Invisibilit |       |       |       |       |     1 ||     1
         Evoke Blink       |       |       |       |       |     1 ||     1
  Evoke: Wand              |       |       |       |     2 |     1 ||     3
    Use: Potion            |       |     4 |     2 |     8 |     7 ||    21
         Scroll            |       |     3 |     9 |    10 |    13 ||    35
   Stab: Distracted        |       |       |       |     5 |     3 ||     8
         Sleeping          |       |       |       |     4 |     2 ||     6
         Petrified         |       |       |       |     2 |     9 ||    11
         Confused          |       |       |       |       |     3 ||     3
         Paralysed         |       |       |       |       |     9 ||     9
         Invisible         |       |       |       |       |     2 ||     2
 Armour: Robe              |     8 |     9 |       |       |       ||    17
         Leather armour    |       |    24 |       |       |       ||    24
         Troll leather arm |       |       |    96 |   207 |   384 ||   687
         Crystal plate arm |       |       |       |       |   341 ||   341
         Acid dragon scale |       |       |       |       |    59 ||    59
  Dodge: Dodged            |    32 |   120 |   224 |   377 |   785 ||  1538
  Block: Kite shield       |       |       |       |   369 |   402 ||   771
         Tower shield      |       |       |       |       |  1254 ||  1254

Table legend: (Time is in decaauts)
 A = Elapsed time spent in this place.
 B = Non-inter-level travel time spent in this place.
 C = Inter-level travel time spent in this place.
 D = Time resting spent in this place.
 E = Time spent auto-exploring this place.
 F = Levels seen in this place.
 G = Mean time per level.
                   A        B        C        D        E       F      G
               +--------+--------+--------+--------+--------+-----+--------+
         Total |  22131 |  21280 |    851 |   2454 |  12279 |  26 |  851.2 |
       Dungeon |  10556 |  10053 |    503 |    487 |   6843 |  12 |  879.7 |
        Temple |     10 |     10 |      0 |      0 |      0 |   1 |   10.0 |
          Lair |   7099 |   6837 |    262 |    751 |   3737 |   5 | 1419.8 |
   Spider Nest |   1626 |   1603 |     23 |    575 |    733 |   2 |  813.0 |
  Orcish Mines |   2002 |   1941 |     61 |    574 |    833 |   2 | 1001.0 |
         Abyss |     26 |     26 |      0 |      0 |      0 |   1 |   26.0 |
         Sewer |    163 |    163 |      0 |      0 |    116 |   1 |  163.0 |
      Ice Cave |     55 |     55 |      0 |      0 |      0 |   1 |   55.0 |
      Gauntlet |    590 |    590 |      0 |     66 |     17 |   1 |  590.0 |
               +--------+--------+--------+--------+--------+-----+--------+

Top non-repeatable levels by time:
  Lair:5: 1955 daAuts
  Lair:2: 1704 daAuts
Spider:1: 1619 daAuts
    D:11: 1457 daAuts
  Lair:4: 1278 daAuts
     D:2: 1232 daAuts
  Lair:3: 1227 daAuts
     D:4: 1140 daAuts
   Orc:2: 1003 daAuts
   Orc:1: 998 daAuts
    D:12: 991 daAuts
  Lair:1: 934 daAuts
     D:1: 928 daAuts
    D:10: 891 daAuts
     D:3: 857 daAuts
